 Dungeon Crawl Stone Soup version bcrawl-1.19.2-6-g6a88ae04c9 (webtiles) character file.

Game seed: 11651079062562053555

3395 Mrkan the Basher (level 9, 0/80 HPs)
             Began as a Minotaur Fighter on Dec 28, 2019.
             Was an Initiate of Gozag.
             Engulfed by a steam dragon's steam (3 damage)
             ... on level 7 of the Dungeon.
             The game lasted 00:09:23 (6326 turns).

Mrkan the Basher (Minotaur Fighter)                 Turns: 6326, Time: 00:09:24

Health: 0/80       AC: 14    Str: 20    XL:     9   Next: 75%
Magic:  8/8        EV:  7    Int:  5    God:    Gozag
Gold:   950        SH: 12    Dex: 14    Spells: 8/8 levels left

rFire    . . .     SeeInvis .   a - +0 flail
rCold    . . .     Gourm    .   c - +1 shield
rNeg     . . .     Faith    .   i - +0 plate armour
rPois    .         Spirit   .   (helmet restricted)
rElec    .         Reflect  .   b - +0 cloak
rCorr    .         Harm     .   (no gloves)
MR       .....                  (no boots)
Stlth    ..........             (no amulet)
HPRegen  0.23/turn              (no ring)
MPRegen  0.11/turn              (no ring)

@: gold aura
A: retaliatory headbutt, horns 2
a: Potion Petition, Call Merchant, Bribe Branch, Renounce Religion


You were on level 7 of the Dungeon.
You worshipped Gozag.
Gozag was pleased with you.
You were not hungry.

You visited 2 branches of the dungeon, and saw 8 of its levels.

You collected 1024 gold pieces.
You paid 74 gold pieces to Gozag.

Inventory:

Hand Weapons
 a - a +0 flail (weapon)
Armour
 b - a +0 cloak (worn)
 c - a +1 shield (worn)
 i - a +0 plate armour (worn)
Jewellery
 p - an uncursed amulet of guardian spirit {unknown}
 t - a +4 ring of dexterity {unknown}
Wands
 u - a wand of paralysis (10)
 x - a wand of iceblast (6)
Scrolls
 e - a scroll of amnesia
 h - 2 scrolls of teleportation
 j - a scroll of enchant weapon
 k - a scroll of identify
 m - 2 scrolls of blinking
 n - a scroll of enchant armour
 r - 4 scrolls of remove curse
 y - a scroll of magic mapping
Potions
 d - a potion of might
 g - a potion of brilliance {unknown}
 l - 2 potions of lignification {unknown}
 o - 3 potions of heal wounds {unknown}
 q - a potion of agility {unknown}
 s - 2 potions of curing {unknown}
 v - a potion of magic {unknown}
 w - 2 potions of berserk rage {unknown}
 z - a potion of invisibility {unknown}
 B - a potion of haste {unknown}
Comestibles
 f - 5 rations {!d}


   Skills:
 + Level 7.6 Fighting
 * Level 10.0 Maces & Flails
 + Level 7.7 Armour
 + Level 5.9 Dodging
 + Level 7.7 Shields


You had 8 spell levels left.
You didn't know any spells.
Your spell library contained the following spells:

 Spells                   Type           Power        Failure   Level  Hunger
 Beastly Appendage        Tmut           #.....       100%        1    ##.....
 Sticks to Snakes         Tmut           #.......     100%        2    ###....
 Spider Form              Tmut/Pois      #..          100%        3    ####...
 Ice Form                 Ice/Tmut       #.......     100%        4    #####..
 Blade Hands              Tmut           #.........   100%        5    ######.


Dungeon Overview and Level Annotations

Branches:
Dungeon (7/12)             Temple (1/1) D:4
   Lair: D:7-9

Altars:
Ashenzari
Cheibriados
Dithmenos
Elyvilon
Fedhas
Gozag
Hepliaklqana
Kikubaaqudgha
Lugonu
Makhleb
Nemelex Xobeh
Qazlal
Ru
Sif Muna
Trog
Uskayaw
Vehumet
Xom
Yredelemnul
The Shining One

Shops:
D:4 *   D:6 }

Annotations:
D:1 1 runed door
D:2 Sigmund
D:6 1 runed translucent door, Mrkan's ghost, novice TrFi


Innate Abilities, Weirdness & Mutations

You reflexively headbutt those who attack you in melee.
You have a pair of horns on your head.


Message History

The steam dragon breathes steam at you. The ball of steam hits you!
* * * LOW HITPOINT WARNING * * *
You hit the steam dragon.
The steam dragon is almost dead.
You are engulfed in a cloud of scalding steam.
The steam dragon bites you but does no damage.
You block the steam dragon's attack.
You hit the steam dragon but do no damage.
You headbutt the steam dragon.
The steam dragon is almost dead.
You are engulfed in a cloud of scalding steam.
* * * LOW HITPOINT WARNING * * *
You block the steam dragon's attack.
The steam dragon claws you but does no damage.
Your shield and plate armour prevent you from hitting the steam dragon.
The steam dragon is almost dead.
You are engulfed in a cloud of scalding steam.
You die...
Your body crumbles into a pile of gold.

$ # #.##
.#..>
####### #D
#.###.......
#§ #.#<#
#$####.##
#..D@§##
#####§# #.#
#.# ..# ...
$ #.# #.#


You could see a steam dragon.

Vanquished Creatures
  2 hippogriffs (D:6)
  2 hungry ghosts (D:6)
  A crocodile (D:6)
  A water moccasin (D:6)
  An ice beast (D:7)
  2 orc warriors (D:6)
  A sky beast (D:6)
  3 black bears
  4 phantoms
  2 centaurs (D:6)
  An ogre (D:5)
  4 bullfrogs (D:6)
  A big kobold (D:6)
  A gnoll sergeant (D:4)
  A howler monkey (D:4)
  7 crimson imps
  A hound (D:6)
  4 orc priests
  3 orc wizards (D:6)
  An iguana (D:4)
  Terence (D:3)
  A worker ant (D:4)
  A hound zombie (D:4)
  2 hound skeletons (D:6)
  A worker ant zombie (D:6)
  Robin (D:3)
  4 gnolls
  A howler monkey skeleton (D:6)
  7 adders
  A shadow imp (D:6)
  3 oozes
  An adder skeleton (D:4)
  An adder zombie (D:6)
  5 worms
  2 dart slugs
  5 leopard geckos
  28 orcs
  A ball python (D:2)
  13 goblins
  12 hobgoblins
  3 quokkas
  7 bats
  3 frilled lizards
  7 kobolds
  3 rats (D:1)
157 creatures vanquished.

Vanquished Creatures (others)
  A leopard gecko (D:7)
1 creature vanquished.

Grand Total: 158 creatures vanquished

Notes
Turn   | Place    | Note
-------+----------+-------------------------------------------
     0 | D:1      | Mrkan the Minotaur Fighter began the quest for the Orb.
     0 | D:1      | Reached XP level 1. HP: 19/19 MP: 0/0
     1 | D:1      | Found a runed door.
    24 | D:1      | Reached XP level 2. HP: 27/27 MP: 1/1
    92 | D:1      | Reached skill level 3 in Maces & Flails
   216 | D:1      | Reached skill level 1 in Dodging
   216 | D:1      | Reached XP level 3. HP: 33/33 MP: 2/2
   809 | D:2      | Noticed Sigmund
   923 | D:3      | Reached XP level 4. HP: 10/40 MP: 3/3
  1171 | D:3      | Noticed Terence
  1182 | D:3      | Killed Terence
  1182 | D:3      | Reached skill level 4 in Maces & Flails
  1230 | D:3      | Found a radiant altar of Vehumet.
  1294 | D:3      | Reached XP level 5. HP: 47/47 MP: 4/4
  1418 | D:3      | Noticed Robin
  1447 | D:3      | Killed Robin
  1517 | D:4      | Found Orilol's General Store.
  1550 | D:4      | Noticed a phantom
  1582 | D:4      | Killed a phantom
  1599 | D:4      | Reached XP level 6. HP: 29/53 MP: 5/5
  1752 | D:4      | Found a staircase to the Ecumenical Temple.
  1787 | Temple   | Entered the Ecumenical Temple
  1848 | Temple   | Became a worshipper of Gozag Ym Sagoz the Greedy
  2000 | D:4      | Reached skill level 5 in Maces & Flails
  2170 | D:4      | Reached skill level 5 in Shields
  2180 | D:4      | Reached skill level 5 in Fighting
  2180 | D:4      | Reached skill level 5 in Armour
  2324 | D:4      | Reached XP level 7. HP: 54/61 MP: 6/6
  2379 | D:5      | Entered Level 5 of the Dungeon
  2640 | D:5      | Reached skill level 6 in Maces & Flails
  3797 | D:6      | Found a stormy altar of Qazlal.
  3811 | D:6      | HP: 2/61 [orc warrior/cursed -3 glaive (15)]
  3812 | D:6      | Reached XP level 8. HP: 2/70 MP: 7/7
  3828 | D:6      | Reached skill level 7 in Maces & Flails
  4206 | D:6      | Found Iwaukkim's Gadget Emporium.
  4575 | D:6      | Found a runed translucent door.
  4609 | D:6      | Noticed Mrkan's ghost (novice TrFi)
  4669 | D:6      | Reached skill level 8 in Maces & Flails
  4888 | D:6      | Reached skill level 5 in Dodging
  4888 | D:6      | Reached XP level 9. HP: 60/78 MP: 8/8
  5079 | D:6      | Reached skill level 9 in Maces & Flails
  6310 | D:7      | Reached skill level 10 in Maces & Flails
  6325 | D:7      | HP: 3/80 [steam dragon] (7)]
  6326 | D:7      | Engulfed by a steam dragon's steam

Skill      XL: |  1  2  3  4  5  6  7  8  9 |
---------------+----------------------------+-----
Maces & Flails | 3 4 5 6 8 10 | 10.0
Dodging        | 1 2 3 5 |  5.9
Shields        | 4 5 6 7 |  7.7
Fighting       | 4 5 6 7 |  7.6
Armour         | 4 5 6 7 |  7.7

Action                   |  1- 3 |  4- 6 |  7- 9 || total
-------------------------+-------+-------+-------++-------
Melee: Flail             |   113 |   136 |   374 ||   623
       Headbutt          |    14 |    27 |    78 ||   119
  Use: Scroll            |       |       |    10 ||    10
       Potion            |       |       |     1 ||     1
 Stab: Distracted        |       |       |     1 ||     1
  Eat: Chunk             |       |     2 |       ||     2
       Ration            |       |     1 |     5 ||     6
Armor: Scale mail        |    63 |    44 |    22 ||   129
       Plate armour      |       |       |   156 ||   156
Dodge: Dodged            |    43 |    40 |    95 ||   178
Block: Shield            |    64 |    75 |   216 ||   355
